 Dungeon Crawl Stone Soup version 0.30-a0-341-g682706514a (webtiles) character file.

Game seed: 4367032307247412126

28 Ijustatesigmund the Firebug (level 3, 0/26 HPs)
             Began as a Demonspawn Fire Elementalist on Nov 5, 2022.
             Killed from afar by Terence (4 damage)
             ... with a puff of flame
             ... on level 2 of the Dungeon.
             The game lasted 00:02:01 (1410 turns).

Ijustatesigmund the Firebug (DsFE)                  Turns: 1410, Time: 00:02:02

Health: 0/26       AC:  4    Str:  8    XL:     3   Next: 0%
Magic:  1/6        EV: 12    Int: 18    God:
Gold:   67         SH:  0    Dex: 13    Spells: 3/6 levels left

rFire   . . .      SeeInvis .    c - +0 mace
rCold   . . .      Faith    .    (no shield)
rNeg    . . .      Spirit   .    a - +0 robe
rPois   .          Reflect  .    g - +0 helmet
rElec   .          Harm     .    (no cloak)
rCorr   .          Rampage  .    f - +0 pair of gloves
Will    .....                    (no boots)
Stlth   ++........               (no amulet)
HPRegen 0.24/turn                (no ring)
MPRegen 0.20/turn                (no ring)

@: no status effects
A: magic regeneration, weakness stinger 1
a: no special abilities


You were on level 2 of the Dungeon.
You visited 1 branch of the dungeon, and saw 2 of its levels.

You collected 67 gold pieces.

Inventory:

Hand Weapons
 c - a +0 mace (weapon)
Armour
 a - a +0 robe (worn)
 f - a +0 pair of gloves (worn)
 g - a +0 helmet (worn)
Scrolls
 e - a scroll of enchant weapon {unknown}
Potions
 b - a potion of magic
 d - a potion of flight {unknown}


   Skills:
 + Level 1.1 Fighting
 - Level 1.7 Dodging
 - Level 1.7 Stealth
 + Level 2.3 Spellcasting
 + Level 1.5 Conjurations
 + Level 3.0 Fire Magic


You had 3 spell levels left.
You knew the following spells:

 Your Spells              Type           Power      Damage    Failure   Level
a - Foxfire               Conj/Fire      40%        2x1d6     7%          1
b - Scorch                Fire           26%        2d6       8%          2

Your spell library contained the following spells:

 Spells                   Type           Power      Damage    Failure   Level
 Inner Flame              Hex/Fire       7%         N/A       28%         3
 Kindle Blastsparks       Fire/Tloc/Air  10%        2d10      34%         3
 Dazzling Flash           Conj/Hex       10%        N/A       36%         3
 Flame Wave               Conj/Fire      10%        2d6       56%         4
 Iskenderun's Mystic Bla  Conj/Tloc      5%         2d3       77%         4
 Starburst                Conj/Fire      5%         6d4       100%        6


Dungeon Overview and Level Annotations

Branches:
Dungeon (2/15)

Altars:

Shops:
D:1 !

Annotations:
D:2 Terence


Innate Abilities, Weirdness & Mutations

You regenerate magic rapidly.
You have a small tail.


Message History

You barely miss the ball python. The ball python closely misses you.
The ball python constricts you.
The giant cockroach bites you but does no damage.
The ball python bites you but does no damage.
The ball python constricts you. The giant cockroach barely misses you.
You hit the ball python.
You kill the ball python!
The giant cockroach closely misses you.
You hit the giant cockroach but do no damage.
The giant cockroach closely misses you. x2
You hit the giant cockroach.
You kill the giant cockroach!
You have reached level 3!
Your experience leads to an increase in your attributes!
Increase (S)trength, (I)ntelligence, or (D)exterity?
You feel clever. x2; Your demonic ancestry asserts itself...
You grow a small tail.
HP restored.
Found a stone staircase leading up.
Found a mace.
You pick up a book of Spectacle and begin reading...
You add the spells Dazzling Flash, Iskenderun's Mystic Blast and Starburst to your library.
Found a dagger.
Terence the Incautious comes into view.
He is wielding a +0 flail and carrying a wand of flame (19).
Casting: Foxfire (safe; 7% risk of failure)
Confirm with . or Enter, or press ? or * to list all spells.
Flames lash Terence but do no damage.
Terence hits you with a +0 flail.
Terence zaps a wand.
The puff of flame hits you!
Casting: Scorch (safe; 8% risk of failure)
Confirm with . or Enter, or press ? or * to list all spells.
Flames lash Terence.
Terence is moderately wounded.
Terence's fire resistance burns away.
Terence completely misses you. Terence hits you with a +0 flail!
* * * LOW HITPOINT WARNING * * *
Casting: Scorch (safe; 8% risk of failure)
Confirm with . or Enter, or press ? or * to list all spells.
Flames lash Terence but do no damage.
Terence zaps a wand.
The puff of flame hits you.
You die...

###.### ######.#
.# #......# .#
#.###### .# #.#
#<# .# #.# #.# .#
#.# #.# .# #.#
#.###@######
#.####.#.@.......
#........########
####...#.#
#.###.# #.# #.#
..# #.# .... .)#
.#### ### .)


You could see Terence (combustible).

Vanquished Creatures
  5 ball pythons
  2 endoplasms (D:1)
  A giant cockroach (D:2)
  A goblin (D:1)
  4 hobgoblins (D:1)
  3 kobolds (D:1)
  5 bats
  A frilled lizard (D:1)
  5 rats (D:1)
27 creatures vanquished.

Vanquished Creatures (others)
  69 foxfires
69 creatures vanquished.

Grand Total: 96 creatures vanquished

Notes
Turn   | Place    | Note
-------+----------+-------------------------------------------
     0 | D:1      | Ijustatesigmund the Demonspawn Fire Elementalist began the
                  | quest for the Orb.
     0 | D:1      | Reached XP level 1. HP: 13/13 MP: 3/3
   292 | D:1      | Gained mutation: You regenerate magic rapidly. [demonic
                  | ancestry]
   292 | D:1      | Reached XP level 2. HP: 20/20 MP: 3/5
   685 | D:1      | Learned a level 2 spell: Scorch
   927 | D:1      | Found Yprom's Distillery.
   992 | D:1      | Reached skill level 1 in Fighting
  1323 | D:2      | Found a faded altar of an unknown god.
  1328 | D:2      | Reached skill level 3 in Fire Magic
  1347 | D:2      | Gained mutation: You have a small tail. [demonic ancestry]
  1347 | D:2      | Reached XP level 3. HP: 21/26 MP: 6/6
  1405 | D:2      | Noticed Terence
  1410 | D:2      | Killed from afar by Terence

Illustrated notes

Levels and vault maps discovered:
D:1:      psy_arrival_spokes, layout_basic, serial_shops, shop
D:2:      layout_basic, nicolae_ecumenical_snake_handling, minmay_fountain_box,
          uniq_natasha, uniq_terence

Skill      XL: |  1  2 |
---------------+-------+-----
Fighting       | 1 |  1.1
Fire Magic     | 3 |  3.0
Dodging        | |  1.7
Stealth        | |  1.7
Spellcasting   | |  2.3
Conjurations   | |  1.5

Action                   || total
-------------------------++-------
Melee: Mace              ||     9
 Cast: Foxfire           ||    42
       Scorch            ||     3
  Use: Scroll            ||     1
Armor: Robe              ||     3
Dodge: Dodged            ||    15

Table legend: (Time is in decaauts)
 A = Elapsed time spent in this place.
 B = Non-inter-level travel time spent in this place.
 C = Inter-level travel time spent in this place.
 D = Time resting spent in this place.
 E = Time spent auto-exploring this place.
 F = Levels seen in this place.
 G = Mean time per level.
                   A        B        C        D        E       F      G
               +--------+--------+--------+--------+--------+-----+--------+
         Total |   1412 |   1376 |     36 |    200 |    987 |   2 |  706.0 |
       Dungeon |   1412 |   1376 |     36 |    200 |    987 |   2 |  706.0 |
               +--------+--------+--------+--------+--------+-----+--------+

Top non-repeatable levels by time:
     D:1: 1315 daAuts
     D:2: 97 daAuts
